 Dungeon Crawl Stone Soup version 0.30-a0-42-g806c11bf1d (webtiles) character file.

Game seed: 10659167700795081503

336 Kahsius the Chiller (level 6, 42/42 HPs)
             Began as a Merfolk Ice Elementalist on June 2, 2020.
             Was an Initiate of Ashenzari.
             Quit the game on level 5 of the Dungeon on Aug 30, 2022.
             The game lasted 00:20:52 (4743 turns).

Kahsius the Chiller (Merfolk Ice Elementalist)      Turns: 4743, Time: 00:20:52

Health: 42/42      AC:  3    Str:  8    XL:     6   Next: 54%
Magic:  12/12      EV: 12    Int: 16    God:    Ashenzari [......]
Gold:   68         SH:  0    Dex: 15    Spells: 9/13 levels left

rFire   . . .      SeeInvis .    n - +0 whip
rCold   . . .      Faith    .    (no shield)
rNeg    . . .      Spirit   .    w - +0 leather armour {rPois}
rPois   +          Reflect  .    (no helmet)
rElec   .          Harm     .    (no cloak)
rCorr   .          Rampage  .    (no gloves)
Will    .....                    (no boots)
Stlth   ++........               (no amulet)
HPRegen 0.14/turn                (no ring)
MPRegen 0.13/turn                (no ring)

@: no status effects
A: (nimble swimmer 2), mertail
a: Renounce Religion


You were on level 5 of the Dungeon.
You worshipped Ashenzari.
Ashenzari was noncommittal.
You visited 1 branch of the dungeon, and saw 5 of its levels.

You collected 163 gold pieces.
You spent 95 gold pieces at shops.

Inventory:

Hand Weapons
 n - a +0 whip (weapon)
Armour
 w - a +0 leather armour of poison resistance (worn)
Wands
 r - a wand of removedness (19) (quivered)
Scrolls
 b - 2 scrolls of removedness
 l - 5 scrolls of identify {unknown}
 m - a scroll of noise {unknown}
 o - 2 scrolls of teleportation {unknown}
 q - 2 scrolls of magic mapping {unknown}
 t - a scroll of immolation {unknown}
Potions
 e - 2 potions of haste {unknown}
 f - 2 potions of might {unknown}
 g - a potion of heal wounds {unknown}
 h - a potion of berserk rage {unknown}
 i - a potion of flight {unknown}
 j - 2 potions of curing {unknown}
 k - a potion of mutation {unknown}
 p - a potion of degeneration {unknown}
 s - a potion of attraction {unknown}
 u - 2 potions of brilliance {unknown}
Comestibles
 c - 8 removed foods
 v - 11 removed foods


   Skills:
 + Level 0.5 Fighting
 + Level 0.1 Maces & Flails
 + Level 0.5 Armour
 - Level 2.6 Dodging
 - Level 2.1 Stealth
 + Level 4.3 Spellcasting
 + Level 6.6 Ice Magic


You had 9 spell levels left.
You knew the following spells:

 Your Spells              Type           Power      Damage    Failure   Level
a - Freeze                Ice            96%        1d11      1%          1
b - Frozen Ramparts       Ice            48%        1d8       4%          3

Your spell library contained the following spells:

 Spells                   Type           Power      Damage    Failure   Level
 Ozocubu's Armour         Ice            24%        N/A       4%          3
 Hailstorm                Conj/Ice       14%        3d5       52%         4
 Summon Ice Beast         Ice/Summ       14%        N/A       52%         4
 Gell's Gravitas          Tloc           3%         N/A       56%         3
 Portal Projectile        Hex/Tloc       6%         N/A       56%         3
 Dispersal                Tloc           1%         N/A       100%        6
 Disjunction              Tloc           1%         N/A       100%        8


Dungeon Overview and Level Annotations

Branches:
Dungeon (5/15)
 Temple: D:4-7

Altars:
Ashenzari
Elyvilon
Yredelemnul

Shops:
D:5 *


Innate Abilities, Weirdness & Mutations

((You are very nimble when in or above water. (Stealth+, EV+, Speed+++)))
Your lower body shifts to a powerful aquatic tail in water.


Message History

w - an uncursed leather armour of poison resistance Thank you for shopping at Junef's Assorted Antiques!
You start removing your armour.
You continue taking off your +0 ring mail. x4
You finish taking off your +0 ring mail.
You start putting on your armour.
You continue putting on your uncursed leather armour of poison resistance. x5
You finish putting on your +0 leather armour of poison resistance.
You feel resistant to poison.
Drop what? 23/52 slots (_ for help) (? for menu, Esc to quit)
You drop a +0 robe.
You drop a +0 ring mail.
Save game and exit?
You hear the sound of rushing water.
There is an entrance to a sewer on this level.
Hurry and find it before the portal rusts away!
Welcome back, Kahsius the Merfolk Ice Elementalist.
Ashenzari says: Partake of my vision.
Partake of my curse.
Press ? for a list of commands and other information.
Unknown command.
Okay, then.
Unknown command.
Unknown command.
Save game and exit?
You hear the sound of rushing water.
There is an entrance to a sewer on this level.
Hurry and find it before the portal rusts away!
Welcome back, Kahsius the Merfolk Ice Elementalist.
Ashenzari says: Partake of my vision.
Partake of my curse.
Press ? for a list of commands and other information.
You hear the sound of rushing water.
There is an entrance to a sewer on this level.
Hurry and find it before the portal rusts away!
Welcome back, Kahsius the Merfolk Ice Elementalist.
Ashenzari says: Partake of my vision.
Partake of my curse.
Press ? for a list of commands and other information.
Unknown command.
You hear the quick rusting of a drain nearby.
There is an open door here.
Unknown command.
Okay, then.
Are you sure you want to abandon this character and quit the game? (Confirm with "yes".)

#.# #.# ###+####.#
#≈≈.§≈##.# #≈#.#§##.#
+..∩..'..########
#§#.#≈#..........
#§≈.≈≈##.########
###+####@#######
#.......>.......
########.##...##
#.##...##########
#########.##.............
#.......#.##.............
#.........##............/
#.......####†............
#.........÷...)..........


There were no monsters in sight!

Vanquished Creatures
  A hound (D:4)
  An orc priest (D:3)
  4 orc wizards
  A removed worker ant (D:5)
  2 adders
  2 adder skeletons (D:4)
  3 worms
  7 dart slugs
  7 orcs
  6 removed leopard geckos
  7 bats
  6 giant cockroaches
  8 goblins
  7 hobgoblins
  5 jackals
  8 kobolds
  A jackal skeleton (D:4)
  9 rats
85 creatures vanquished.

Notes
Turn   | Place    | Note
-------+----------+-------------------------------------------
     0 | D:1      | Kahsius the Merfolk Ice Elementalist began the quest for
                  | the Orb.
     0 | D:1      | Reached XP level 1. HP: 13/13 MP: 3/3
   135 | D:1      | Reached XP level 2. HP: 19/19 MP: 1/5
   599 | D:1      | Reached skill level 5 in Ice Magic
   810 | D:1      | Reached XP level 3. HP: 24/24 MP: 1/6
  1018 | D:2      | Found a shattered altar of Ashenzari.
  1021 | D:2      | Became a worshipper of Ashenzari the Shackled
  1611 | D:2      | Reached XP level 4. HP: 30/30 MP: 6/8
  2390 | D:3      | Reached XP level 5. HP: 35/35 MP: 6/10
  2626 | D:3      | Reached skill level 6 in Ice Magic
  3474 | D:3      | Found a basalt altar of Yredelemnul.
  3530 | D:3      | Found a white marble altar of Elyvilon.
  3592 | D:3      | Learned a level 3 spell: Frozen Ramparts
  3888 | D:4      | Reached XP level 6. HP: 37/41 MP: 8/12
  4114 | D:4      | Noticed a phantom
  4330 | D:5      | Entered Level 5 of the Dungeon
  4717 | D:5      | Found Junef's Assorted Antiques.
  4722 | D:5      | Bought a runed leather armour for 95 gold pieces
  4735 | D:5      | Upgraded the game from 0.26-a0-30-g56b8cd3df0 to
                  | 0.30-a0-42-g806c11bf1d
  4743 | D:5      | Quit the game

Illustrated notes

Levels and vault maps discovered:
D:1:      lightli_arrival_statue_moat, layout_rooms
D:2:      layout_rooms, ashenzari_conservatory_becter
D:3:      layout_loops_ring, kennysheep_ying_yang
D:4:      kennysheep_slugbush, layout_cave_pools, zin_scriptorium,
          minmay_temple_entry_poolview, first_ration
D:5:      wander_river, layout_basic, grunt_qazlal_clouds,
          nicolae_overflow_crystal_walls, cheibrodos_sewer_entry_bend,
          serial_shops, shop, nicolae_shop_trees, shop, kennysheep_little_box,
          shop, roderic_lattice_a, tgw_fedhas

Skill      XL: |  1  2  3  4  5 |
---------------+----------------+-----
Ice Magic      | 5 6 |  6.6
Spellcasting   | 3 4 |  4.3
Fighting       | |  0.5
Maces & Flails | |  0.1
Armour         | |  0.5
Dodging        | |  2.6
Stealth        | |  2.1

Action                   |  1- 3 |  4- 6 || total
-------------------------+-------+-------++-------
Melee: Unarmed           |    14 |       ||    14
       Whip              |       |    31 ||    31
 Cast: Freeze            |    62 |   107 ||   169
       Frozen Ramparts   |       |     5 ||     5
 Stab: Sleeping          |       |     1 ||     1
  Eat: Removed food      |     3 |    10 ||    13
Armor: Robe              |     5 |     1 ||     6
       Ring mail         |       |    29 ||    29
Dodge: Dodged            |    32 |    60 ||    92

Table legend: (Time is in decaauts)
 A = Elapsed time spent in this place.
 B = Non-inter-level travel time spent in this place.
 C = Inter-level travel time spent in this place.
 D = Time resting spent in this place.
 E = Time spent auto-exploring this place.
 F = Levels seen in this place.
 G = Mean time per level.
                   A        B        C        D        E       F      G
               +--------+--------+--------+--------+--------+-----+--------+
         Total |   4745 |   4683 |     62 |   1581 |   2213 |   5 |  949.0 |
       Dungeon |   4745 |   4683 |     62 |   1581 |   2213 |   5 |  949.0 |
               +--------+--------+--------+--------+--------+-----+--------+

Top non-repeatable levels by time:
     D:5: 8 daAuts
Note: time per level data comes from an upgraded game and may be incomplete.
